 Dungeon Crawl Stone Soup version 0.26-b1-59-ge38874ec40 (webtiles) character file.

Game seed: 766063385299124728

4475 raceaflais the Carver (level 10, -1/77 HPs)
             Began as a Demonspawn Berserker on Jan 8, 2021.
             Was an Elder of Trog.
             Slain by an orc warrior
             ... wielding a +0 glaive
              (6 damage)
             ... on level 8 of the Dungeon.
             The game lasted 00:18:57 (9123 turns).

raceaflais the Carver (Demonspawn Berserker)        Turns: 9123, Time: 00:19:00

Health: -1/77      AC: 15    Str: 20    XL:     10   Next: 15%
Magic:  10/10      EV: 11    Int: 10    God:    Trog [****..]
Gold:   499        SH:  4    Dex: 12    Spells: 9/9 levels left

rFire    + . .     SeeInvis +   r - +4 scimitar
rCold    + . .     Faith    .   v - +0 buckler
rNeg     . . .     Spirit   .   p - +1 plate armour
rPois    +         Reflect  .   (no helmet)
rElec    .         Harm     .   (no cloak)
rCorr    .         Rampage  .   (gloves unavailable)
Will     .....                  d - +0 pair of boots
Stlth    ..........             u - amulet of regeneration
HPRegen  0.62/turn              C - ring of see invisible
MPRegen  0.12/turn              o - ring of protection from cold

@: berserk cooldown, flying, slowed, repel missiles, very slow
A: claws 3, repulsion field 3, clever 1, clumsy 1, fire resistance 1, poison
resistance, no potion heal 1, flame cloud immunity
a: Renounce Religion, Berserk, Trog's Hand, Brothers in Arms


You were on level 8 of the Dungeon.
You worshipped Trog.
Trog was greatly pleased with you.
You visited 1 branch of the dungeon, and saw 8 of its levels.

You collected 499 gold pieces.

Inventory:

Hand Weapons
 h - a +1 falchion of electrocution
 r - a +4 scimitar (weapon)
Missiles
 l - a throwing net
 w - 8 curare-tipped darts
Armour
 d - a +0 pair of boots (worn)
 p - a +1 plate armour (worn)
 v - a +0 buckler (worn)
Jewellery
 b - an uncursed amulet of guardian spirit
 o - a ring of protection from cold (right claw)
 u - an amulet of regeneration (around neck)
 C - a ring of see invisible (left claw)
Wands
 a - a wand of polymorph (5)
 j - a wand of flame (10)
 n - a wand of iceblast (17)
Scrolls
 c - 7 scrolls of teleportation
 e - 4 scrolls of remove curse
 g - 2 scrolls of blinking
 i - 4 scrolls of amnesia
 s - a scroll of identify
 x - 2 scrolls of magic mapping {unknown}
 A - a scroll of vulnerability {unknown}
Potions
 f - a potion of cancellation
 q - a potion of magic


   Skills:
 + Level 6.3 Fighting
 + Level 9.5 Long Blades
 + Level 7.4 Armour
 + Level 3.3 Dodging
 + Level 2.4 Stealth
 + Level 2.3 Shields
 + Level 1.2 Evocations


You had 9 spell levels left.
You didn't know any spells.
Your spell library contained the following spells:

 Spells                   Type           Power        Failure   Level
 Magic Dart               Conj           0%           100%        1
 Pain                     Necr           0%           100%        1
 Blink                    Tloc           N/A          100%        2
 Call Imp                 Summ           0%           100%        2
 Slow                     Hex            0%           100%        2
 Conjure Flame            Conj/Fire      0%           100%        3
 Mephitic Cloud           Conj/Pois/Air  0%           100%        3


Dungeon Overview and Level Annotations

Branches:
Dungeon (8/15)             Temple (0/1) D:7
   Lair: D:8-11

Altars:
Ashenzari
Kikubaaqudgha
Ru
Sif Muna
Vehumet
Wu Jian
Zin
Beogh

Shops:
D:7 *

Annotations:
D:8 Gadfly's ghost, novice DsAr


Innate Abilities, Weirdness & Mutations

You have claws for hands.
You are surrounded by a strong repulsion field. (EV +4, RMsl)
Your flesh is heat resistant. (rF+)
You are immune to clouds of flame.
Your mind is acute. (Int +2)
You are clumsy. (Dex -2)
Your system is resistant to poisons. (rPois)
Potions are less effective at restoring your health.


Message History

Gadfly's ghost is heavily damaged.
You are no longer berserk.
You are exhausted.
You feel yourself slow down.
The orc warrior hits you but does no damage.
You slash Gadfly's ghost!
Gadfly's ghost is heavily damaged.
Gadfly's ghost barely misses you. The orc warrior barely misses you.
Gadfly's ghost hits you but does no damage.
You block the orc's attack.
You barely miss Gadfly's ghost.
Gadfly's ghost is heavily damaged.
Gadfly's ghost hits you. The orc warrior closely misses you.
You slash Gadfly's ghost!
Gadfly's ghost is severely damaged.
Gadfly's ghost hits you!
* * * LOW HITPOINT WARNING * * *
x2 The orc hits you but does no damage.
The orc warrior hits you from afar with a +0 glaive.
You die...

....#.#########...........
#..<....................
###...................
#....#################
####.## ######...####
#...........######
####8.............
#######@''#####
#....oW.......
#...o#####.... #.###. o..
##. #.#8#o.8..# #
#....o...... #8....[_[)..
## ######


You could see an orc warrior, an orc priest, Gadfly's ghost and an orc.

Vanquished Creatures
  Grinder (D:5)
  Sigmund (D:2)
  4 ice beasts
  5 orc warriors
  A sky beast (D:7)
  A necrophage (D:8)
  5 phantoms
  5 ogres
  10 centaurs
  5 bullfrogs
  A bullfrog zombie (D:6)
  6 hounds
  A jelly (D:5)
  A bullfrog skeleton (D:5)
  6 orc priests
  7 worker ants
  4 orc wizards
  A killer bee zombie (D:7)
  A hound zombie (D:5)
  3 hound skeletons
  A worker ant zombie (D:8)
  8 gnolls
  7 adders
  A shadow imp (D:5)
  A white imp (D:6)
  5 ufetubi
  An adder skeleton (D:6)
  A worm (D:3)
  9 leopard geckos
  23 orcs
  7 bats
  2 giant cockroaches
  10 goblins
  10 hobgoblins
  4 jackals
  5 kobolds
  4 quokkas
  2 ball pythons (D:6)
  5 frilled lizards
  A jackal skeleton (D:5)
  A jackal zombie (D:2)
  6 rats
183 creatures vanquished.

Vanquished Creatures (others)
  An orc (D:3)
  2 plants (D:3)
3 creatures vanquished.

Grand Total: 186 creatures vanquished

Notes
Turn   | Place    | Note
-------+----------+-------------------------------------------
     0 | D:1      | raceaflais the Demonspawn Berserker began the quest for the
                  | Orb.
     0 | D:1      | Reached XP level 1. HP: 18/18 MP: 1/1
   113 | D:1      | Reached skill level 3 in Long Blades
   113 | D:1      | Gained mutation: Your flesh is heat resistant. (rF+)
                  | [demonic ancestry]
   113 | D:1      | Reached XP level 2. HP: 19/24 MP: 2/2
   274 | D:1      | You fall into a shaft and drop 1 floor!
   489 | D:2      | Gained mutation: You are immune to clouds of flame.
                  | [demonic ancestry]
   489 | D:2      | Reached XP level 3. HP: 24/29 MP: 3/3
   671 | D:2      | Noticed Sigmund
   691 | D:2      | Killed Sigmund
   691 | D:2      | Reached ** piety under Trog
   692 | D:2      | Reached skill level 4 in Long Blades
   692 | D:2      | Gained mutation: You are surrounded by a mild repulsion
                  | field. (EV +2) [demonic ancestry]
   692 | D:2      | Reached XP level 4. HP: 3/37 MP: 4/4
   692 | D:2      | Gained mutation: You have sharp fingernails. [demonic
                  | ancestry]
   692 | D:2      | Reached XP level 5. HP: 4/42 MP: 5/5
  1311 | D:2      | Found an ornate altar of the Wu Jian Council.
  2099 | D:3      | Found a broken altar of Ashenzari.
  2350 | D:3      | Found a faded altar of an unknown god.
  2448 | D:3      | Found a shimmering blue altar of Sif Muna.
  2448 | D:3      | Found an ancient bone altar of Kikubaaqudgha.
  2449 | D:3      | Found a radiant altar of Vehumet.
  2451 | D:3      | Identified Kikubaaqudgha's Disquisition on Dark Rites
  3432 | D:4      | Gained mutation: You have very sharp fingernails. [demonic
                  | ancestry]
  3432 | D:4      | Reached XP level 6. HP: 48/48 MP: 6/6
  3518 | D:4      | You fall into a shaft and drop 1 floor!
  3518 | D:5      | Entered Level 5 of the Dungeon
  3604 | D:5      | Reached skill level 5 in Long Blades
  3620 | D:5      | Found a sacrificial altar of Ru.
  3728 | D:5      | Gained mutation: You have claws for hands. [demonic
                  | ancestry]
  3728 | D:5      | Reached XP level 7. HP: 52/55 MP: 7/7
  3876 | D:5      | Reached skill level 6 in Long Blades
  4605 | D:5      | Noticed Grinder
  4610 | D:5      | Paralysed by Grinder for 5 turns
  4620 | D:5      | Killed Grinder
  4620 | D:5      | Reached *** piety under Trog
  4902 | D:5      | Reached XP level 8. HP: 61/61 MP: 8/8
  4925 | D:5      | Reached skill level 5 in Fighting
  5451 | D:5      | Reached skill level 7 in Long Blades
  5789 | D:6      | Reached skill level 5 in Armour
  5847 | D:6      | Reached skill level 1 in Stealth
  5847 | D:6      | Gained mutation: You are frail. (-10% HP) [potion of
                  | mutation]
  5847 | D:6      | Gained mutation: You have an increased reservoir of magic.
                  | (+10% MP) [potion of mutation]
  5847 | D:6      | Gained mutation: You are strong-willed. (Will+) [potion of
                  | mutation]
  5851 | D:6      | Reached skill level 8 in Long Blades
  5918 | D:6      | Gained mutation: You are surrounded by a moderate repulsion
                  | field. (EV +3) [demonic ancestry]
  5918 | D:6      | Reached XP level 9. HP: 61/61 MP: 9/9
  6428 | D:6      | Reached skill level 1 in Shields
  6540 | D:6      | Reached **** piety under Trog
  7450 | D:7      | Reached skill level 1 in Evocations
  7456 | D:7      | Reached skill level 9 in Long Blades
  7925 | D:7      | Found a glowing silver altar of Zin.
  7925 | D:7      | Found Zin's Purification Station.
  8037 | D:7      | Found a staircase to the Ecumenical Temple.
  8469 | D:8      | Lost mutation: You are frail. (-10% HP) [potion of
                  | mutation]
  8469 | D:8      | Lost mutation: You are strong-willed. (Will+) [potion of
                  | mutation]
  8469 | D:8      | Lost mutation: You have an increased reservoir of magic.
                  | (+10% MP) [potion of mutation]
  8469 | D:8      | Gained mutation: Your muscles are strong. (Str +2) [potion
                  | of mutation]
  8482 | D:8      | Gained mutation: You are surrounded by a strong repulsion
                  | field. (EV +4, RMsl) [demonic ancestry]
  8482 | D:8      | Reached XP level 10. HP: 76/76 MP: 10/10
  9094 | D:8      | Found a runed translucent gate.
  9094 | D:8      | Found a runed translucent gate.
  9095 | D:8      | Found a runed translucent gate.
  9096 | D:8      | Noticed Gadfly's ghost (novice DsAr)
  9098 | D:8      | Found a roughly hewn altar of Beogh.
  9102 | D:8      | Lost mutation: Your muscles are strong. (Str +2) [potion of
                  | mutation]
  9102 | D:8      | Gained mutation: You are clumsy. (Dex -2) [potion of
                  | mutation]
  9102 | D:8      | Gained mutation: Your mind is acute. (Int +2) [potion of
                  | mutation]
  9102 | D:8      | Gained mutation: Potions are less effective at restoring
                  | your health. [potion of mutation]
  9102 | D:8      | Gained mutation: Your system is resistant to poisons.
                  | (rPois) [potion of mutation]
  9123 | D:8      | Slain by an orc warrior

Illustrated notes

Levels and vault maps discovered:
D:1:      grunt_arrival_crossed_arrows, layout_basic
D:2:      layout_rooms, nzn_wu_jian_council_hall, cheibrodos_gnoll_hut,
          uniq_sigmund
D:3:      layout_loops_corners, grunt_temple_overflow_magic_moments,
          ashenzari_altar_1, chequers_ecumenical_altar_lobes,
          chequers_serial_rivers_room_a, corexii_hall_statues_t,
          chequers_serial_rivers_micro_b, minmay_goblin_outpost
D:4:      layout_loops_ring
D:5:      layout_gridville, lemuel_crystal_altar, minmay_increasing_density,
          uniq_grinder
D:6:      layout_basic, chequers_avenue, hangedman_decor_growths, centaur_isle
D:7:      layout_cave_pools, zin_purify, minmay_temple_entry_enclosed_plants,
          minmay_large_rounded_square
D:8:      cheibrodos_helix_gallery, layout_loops_ring,
          nicolae_overflow_crystal_walls, biasface_ghost_orc_armoury

Skill      XL: |  1  2  3  4  5  6  7  8  9 |
---------------+----------------------------+-----
Long Blades    | 3 4 5 6 8 9 |  9.5
Armour         | 2 4 5 7 |  7.4
Dodging        | 2 3 |  3.3
Fighting       | 4 5 6 |  6.3
Stealth        | 1 2 |  2.4
Shields        | 2 |  2.3
Evocations     | 1 |  1.2

Action                   |  1- 3 |  4- 6 |  7- 9 | 10-12 || total
-------------------------+-------+-------+-------+-------++-------
Melee: Falchion          |    74 |   106 |   194 |       ||   374
       Scimitar          |       |       |    44 |    46 ||    90
Invok: Berserk           |     1 |       |    10 |     1 ||    12
Evoke: Wand              |       |       |     8 |       ||     8
  Use: Scroll            |     1 |    10 |     8 |       ||    19
       Potion            |       |       |    10 |     3 ||    13
 Stab: Invisible         |       |       |     2 |       ||     2
Armor: Animal skin       |    27 |     3 |       |       ||    30
       Plate armour      |       |    70 |   171 |    26 ||   267
Dodge: Dodged            |    42 |    57 |   164 |    31 ||   294
Block: Buckler           |       |       |    33 |    17 ||    50
       Rpst.: Falchion   |    14 |    18 |    41 |       ||    73
       Scimitar          |       |       |     4 |    10 ||    14
